 Dungeon Crawl Stone Soup version 0.26-a0-639-g72c4674329 (webtiles) character file.

Game seed: 699068624445419800

46510 Flugslaktarn the Fighter (level 14, -34/132 HPs)
             Began as a Minotaur Fighter on Sept 22, 2020.
             Was an Initiate of Gozag.
             Killed from afar by a necromancer (39 damage)
             ... with a bolt of cold
             ... on level 14 of the Dungeon.
             The game lasted 00:07:57 (12922 turns).

Flugslaktarn the Fighter (Minotaur Fighter)        Turns: 12922, Time: 00:07:58

Health: -34/132    AC: 31    Str: 24    XL:     14   Next: 5%
Magic:  13/13      EV: 11    Int:  8    God:    Gozag
Gold:   5543       SH: 13    Dex: 11    Spells: 13/13 levels left

rFire    + . .     SeeInvis +   v - +5 war axe (chaos)
rCold    x . .     Faith    .   c - +0 kite shield
rNeg     . . .     Spirit   .   M - +7 plate armour of Hubris {+Inv rC- Regen+ Slay-2}
rPois    .         Reflect  .   (helmet restricted)
rElec    .         Harm     .   L - +0 cloak
rCorr    .         Rampage  .   b - +2 pair of gloves
MR       ++...                  g - +2 pair of boots
Stlth    ..........             (no amulet)
HPRegen  0.72/turn              i - ring of see invisible
MPRegen  0.13/turn              f - ring of protection from fire

@: gold aura
A: retaliatory headbutt, horns 2, blink, clever 1, magic resistance 1,
MP-powered wands
a: Blink, Potion Petition, Call Merchant, Bribe Branch, Renounce Religion, Evoke
Invisibility


You were on level 14 of the Dungeon.
You worshipped Gozag.
Gozag was greatly pleased with you.
You visited 1 branch of the dungeon, and saw 14 of its levels.
You also visited: Bailey.

You collected 5593 gold pieces.
You paid 50 gold pieces to Gozag.

Inventory:

Hand Weapons
 v - a +5 war axe of chaos (weapon)
   (You took it off a wight on level 8 of the Dungeon)
Armour
 b - a +2 pair of gloves (worn)
   (You found it on level 4 of the Dungeon)
 c - a +0 kite shield (worn)
 g - a +2 pair of boots (worn)
   (You found it on level 4 of the Dungeon)
 k - a +0 plate armour
   (You found it on level 5 of the Dungeon)
 y - the +6 chain mail of Going Fast {rElec rN+ Int-5}
   (You found it on level 9 of the Dungeon)

   It affects your intelligence (-5).
   It insulates you from electricity.
   It protects you from negative energy.
 F - a +0 crystal plate armour
   (You took it off an orc warrior in a bailey)
 L - a +0 cloak (worn)
   (You found it on level 13 of the Dungeon)
 M - the +7 plate armour of Hubris (worn) {+Inv rC- Regen+ Slay-2}
   (You found it on level 10 of the Dungeon)

   It affects your accuracy and damage with ranged weapons and melee attacks
   (-2).
   It makes you vulnerable to cold.
   It lets you turn invisible.
   It increases your rate of regeneration.
Jewellery
 f - a ring of protection from fire (right hand)
   (You found it on level 8 of the Dungeon)
 i - a ring of see invisible (left hand)
   (You found it on level 8 of the Dungeon)
 l - an uncursed ring of protection from cold {unknown}
   (You found it on level 14 of the Dungeon)
Wands
 a - a wand of paralysis (16)
   (You found it on level 9 of the Dungeon)
 u - a wand of iceblast (2)
   (You took it off Ijyb on level 5 of the Dungeon)
Scrolls
 e - 3 scrolls of fog
 j - 3 scrolls of immolation
 p - 5 scrolls of magic mapping
 r - 2 scrolls of identify
 t - 6 scrolls of teleportation
 x - 7 scrolls of remove curse
 z - a scroll of blinking
 C - a scroll of fear
 D - a scroll of summoning
 E - 6 scrolls of enchant armour
 I - 5 scrolls of enchant weapon
 N - a scroll of vulnerability {unknown}
 O - a scroll of random uselessness {unknown}
Potions
 d - a potion of might
 h - 2 potions of haste
 m - 3 potions of flight {unknown}
 n - 2 potions of brilliance {unknown}
 o - 2 potions of cancellation {unknown}
 q - 8 potions of curing
 s - 3 potions of berserk rage
 w - 2 potions of heal wounds
 A - 5 potions of mutation
 B - 3 potions of invisibility
 J - a potion of lignification {unknown}
 K - 2 potions of magic {unknown}


   Skills:
 + Level 14.1 Fighting
 + Level 13.9 Axes
 + Level 12.9 Armour
 + Level 10.0 Dodging
 + Level 12.8 Shields
 - Level 5.0 Evocations


You had 13 spell levels left.
You didn't know any spells.
Your spell library was empty.

Dungeon Overview and Level Annotations

Branches:
Dungeon (14/15)            Temple (0/1) D:7            Lair (0/6) D:11
    Orc (0/2) D:9          Vaults (0/5) D:14         Bailey (visited)

Altars:
Cheibriados
Dithmenos
Gozag
Makhleb
Ru
Sif Muna
Trog
Vehumet
Wu Jian
The Shining One

Shops:
D:9 [

Annotations:
D:7 2 exclusions


Innate Abilities, Weirdness & Mutations

You reflexively headbutt those who attack you in melee.
You have a pair of horns on your head.
You can translocate small distances at will.
Your mind is acute. (Int +2)
You are resistant to hostile enchantments. (MR+)
You expend magic power (3 MP) to strengthen your wands.


Message History

You slash the human! You hit the human simulacrum.
You melt the human simulacrum.
The necromancer is no longer distracted by gold.
You block the vault guard's attack.
The wizard howls an incantation.
The wizard glows brightly for a moment.
The wizard casts a spell at you. The crystal spear hits you!!!
* * * LOW HITPOINT WARNING * * *
You block the human's attack. The human simulacrum hits you.
* * * LOW HITPOINT WARNING * * *
The human simulacrum freezes you!!
You feel a terrible chill!
* * * LOW HITPOINT WARNING * * *
You block the human's attack.
The necromancer gestures at you while chanting.
The bolt of cold hits the human!!
The human dies!
The bolt of cold hits you!!!
You feel a terrible chill!
You die...
Your body crumbles into a pile of gold.

.# #### ####
.####... #...
....#.#############
##...
......#.....#/!.}$#
.....
......'.....#)...?#
.....
......'..⌠..#..∩.Z#
.....
......'.....#...p.#
.....
......#.....#..p$p#
.....
....#.##''(###'p@##
.####
....#.#.....#..Z..#
....#.#...)['.....#
....#.#..⌠..'..⌠..#
....#.#.....')....#
....#.#.(...#.....#
....#.#############
....... .....


You could see a vault guard (soul bound, strong), a necromancer (invisible), a
wizard (fast, soul bound, strong), a human (soul bound), a human simulacrum and
a vault guard simulacrum.

Vanquished Creatures
  A rakshasa (D:13)
  A vault guard (D:14)
  Erolcha (D:9)
  2 hydras (D:12)
  A catoblepas (D:10)
  5 centaur warriors
  An ogre mage (D:10)
  2 two-headed ogres (D:12)
  A tengu warrior (D:13)
  A skeletal warrior (D:13)
  2 unseen horrors (D:10)
  A deep elf archer (D:12)
  Pikel (D:7)
  A lindwurm (shapeshifter) (D:13)
  6 orc knights
  A necromancer (D:14)
  5 cyclopes
  13 ugly things
  2 manticores
  3 gargoyles
  An efreet (D:10)
  A yaktaur (D:14)
  A kobold demonologist (D:10)
  4 centaur skeletons (D:13)
  A tengu conjurer (D:13)
  A harpy zombie (D:13)
  A queen bee (D:14)
  4 trolls
  A polar bear (shapeshifter) (D:13)
  2 polar bears (D:11)
  A hornet (D:12)
  Grinder (D:6)
  A meliai zombie (D:13)
  2 hippogriffs
  4 flying skulls (D:13)
  2 wyverns
  5 wraiths
  16 humans (D:14)
  5 shadows
  6 yaks (D:9)
  Eustachio (D:6)
  Menkaure (D:7)
  Edmund (D:6)
  A warg (D:9)
  Duvessa (D:5)
  3 ice beasts
  15 orc warriors
  3 sky beasts
  3 black bears
  A necrophage (D:10)
  An eye of draining (D:8)
  2 phantoms
  8 ogres
  2 centaurs
  6 bullfrogs
  4 wyvern zombies
  2 wyvern skeletons
  11 killer bees
  Dowan (D:5)
  4 scorpions
  13 wights
  8 electric eels (D:11)
  2 bullfrog zombies
  8 centaur zombies
  2 quasits
  12 hounds
  6 orc priests
  13 orc wizards
  5 bullfrog skeletons
  Jessica (D:2)
  Ijyb (D:5)
  Terence (D:3)
  4 iguanas
  14 worker ants
  A hound zombie (D:9)
  A hound skeleton (D:7)
  A mummy (D:7)
  A worker ant zombie (D:7)
  7 adders
  3 shadow imps
  A white imp (D:5)
  5 ufetubi
  An ooze (D:7)
  An adder skeleton (D:10)
  3 leopard geckos
  71 orcs
  2 bats
  3 giant cockroaches
  2 hobgoblins
  20 jackals
  3 kobolds
  4 quokkas
  2 frilled lizards
  A quokka skeleton (D:4)
  A quokka zombie (D:8)
  A rat (D:3)
407 creatures vanquished.

Vanquished Creatures (others)
  A freezing wraith (D:12)
  A human (D:14)
  A hound (D:11)
  A wyvern simulacrum (D:12)
  A hound skeleton (D:10)
  An orc (D:11)
  6 plants (D:9)
12 creatures vanquished.

Grand Total: 419 creatures vanquished

Notes
Turn   | Place    | Note
-------+----------+-------------------------------------------
     0 | D:1      | Flugslaktarn the Minotaur Fighter began the quest for the
                  | Orb.
     0 | D:1      | Reached XP level 1. HP: 19/19 MP: 0/0
    38 | D:2      | Noticed Jessica
    46 | D:2      | Killed Jessica
    46 | D:2      | Reached skill level 4 in Fighting
    46 | D:2      | Reached XP level 2. HP: 27/27 MP: 1/1
    46 | D:2      | Reached XP level 3. HP: 33/33 MP: 2/2
   153 | D:3      | Noticed Terence
   164 | D:3      | Killed Terence
   295 | D:3      | Reached XP level 4. HP: 41/41 MP: 3/3
   309 | D:3      | Found an opulent altar of Gozag.
   425 | D:3      | Became a worshipper of Gozag Ym Sagoz the Greedy
   879 | D:4      | Reached skill level 5 in Fighting
   879 | D:4      | Reached XP level 5. HP: 39/48 MP: 4/4
   996 | D:4      | Found a bloodstained altar of Trog.
  1050 | D:5      | Entered Level 5 of the Dungeon
  1073 | D:5      | Found a sacrificial altar of Ru.
  1152 | D:5      | Found a snail-covered altar of Cheibriados.
  1152 | D:5      | Found a burning altar of Makhleb.
  1824 | D:5      | Noticed Dowan
  1825 | D:5      | Noticed Duvessa
  1836 | D:5      | Killed Dowan
  1836 | D:5      | Reached XP level 6. HP: 37/56 MP: 5/5
  1837 | D:5      | Killed Duvessa
  1837 | D:5      | Reached skill level 5 in Axes
  1837 | D:5      | Reached skill level 5 in Armour
  2014 | D:5      | Noticed Ijyb
  2020 | D:5      | Killed Ijyb
  2020 | D:5      | Reached skill level 6 in Fighting
  2097 | D:5      | Found an ornate altar of the Wu Jian Council.
  2098 | D:5      | Found a glowing golden altar of the Shining One.
  2352 | D:6      | Noticed Eustachio
  2358 | D:6      | Reached skill level 5 in Shields
  2372 | D:6      | Killed Eustachio
  2372 | D:6      | Reached XP level 7. HP: 58/64 MP: 6/6
  2532 | D:6      | Noticed Edmund
  2547 | D:6      | Killed Edmund
  2547 | D:6      | Reached skill level 7 in Fighting
  2909 | D:6      | Noticed Grinder
  2913 | D:6      | Killed Grinder
  2913 | D:6      | Reached XP level 8. HP: 66/73 MP: 7/7
  3365 | D:7      | Noticed Pikel
  3383 | D:7      | Killed Pikel
  3383 | D:7      | Reached skill level 8 in Fighting
  3680 | D:7      | Noticed Menkaure
  3686 | D:7      | Killed Menkaure
  3732 | D:7      | Found a staircase to the Ecumenical Temple.
  3877 | D:7      | Reached skill level 9 in Fighting
  3877 | D:7      | Reached XP level 9. HP: 55/83 MP: 8/8
  4052 | D:7      | Found a shadowy altar of Dithmenos.
  4052 | D:7      | Found a radiant altar of Vehumet.
  4061 | D:7      | Found an opulent altar of Gozag.
  4064 | D:7      | Found a shimmering blue altar of Sif Muna.
  4066 | D:7      | Found a faded altar of an unknown god.
  4775 | D:8      | Found a sacrificial altar of Ru.
  5372 | D:9      | Reached skill level 1 in Evocations
  5493 | D:9      | Reached XP level 10. HP: 55/93 MP: 9/9
  5500 | D:9      | Reached skill level 5 in Evocations
  5501 | D:9      | Reached skill level 10 in Fighting
  5516 | D:9      | Got a glimmering chain mail
  5527 | D:9      | Identified the +6 chain mail of Going Fast {rElec rN+
                  | Int-5} (You found it on level 9 of the Dungeon)
  5527 | D:9      | Lost intelligence.
  5786 | D:9      | Reached skill level 1 in Dodging
  5834 | D:9      | Found Benaram's Antique Armour Emporium.
  5872 | D:9      | Noticed Erolcha
  5889 | D:9      | Killed Erolcha
  6141 | D:9      | Reached skill level 10 in Axes
  6675 | D:9      | Found a staircase to the Orcish Mines.
  6918 | D:9      | Gained mutation: You can translocate small distances at
                  | will. [potion of mutation]
  6918 | D:9      | Gained mutation: You expend magic power (3 MP) to
                  | strengthen your wands. [potion of mutation]
  6918 | D:9      | Gained mutation: Your mind is acute. (Int +2) [potion of
                  | mutation]
  6918 | D:9      | Gained mutation: You are resistant to hostile enchantments.
                  | (MR+) [potion of mutation]
  6950 | D:10     | Entered Level 10 of the Dungeon
  7063 | D:10     | Noticed an unseen horror
  7073 | D:10     | Killed an unseen horror
  7073 | D:10     | Reached XP level 11. HP: 101/101 MP: 10/10
  7104 | D:10     | Noticed an unseen horror
  7105 | D:10     | Noticed a cyan ugly thing
  7106 | D:10     | Noticed a centaur warrior
  7107 | D:10     | Noticed a catoblepas
  7110 | D:10     | Noticed an ogre mage
  7112 | D:10     | Noticed a centaur warrior
  7122 | D:10     | Killed an unseen horror
  7122 | D:10     | Reached skill level 11 in Fighting
  7383 | D:10     | Got a pitted plate armour
  7394 | D:10     | Identified the +7 plate armour of Hubris {+Inv rC- Regen+
                  | Slay-2} (You found it on level 10 of the Dungeon)
  7452 | D:10     | Found a flagged portal.
  7490 | Bailey   | Entered a bailey
  7683 | Bailey   | Noticed an orc knight
  7695 | Bailey   | Noticed an orc knight
  7698 | Bailey   | Noticed an orc knight
  7706 | Bailey   | Killed an orc knight
  7725 | Bailey   | Killed an orc knight
  7725 | Bailey   | Reached skill level 5 in Dodging
  7726 | Bailey   | Killed an orc knight
  7834 | Bailey   | Noticed an orc knight
  7851 | Bailey   | Killed an orc knight
  8013 | D:10     | Noticed a green ugly thing
  8028 | D:10     | Killed a green ugly thing
  8198 | D:10     | Killed a catoblepas
  8198 | D:10     | Reached skill level 10 in Armour
  8278 | D:10     | Killed a centaur warrior
  8278 | D:10     | Reached skill level 10 in Shields
  8282 | D:10     | Noticed a sixfirhy
  8290 | D:10     | HP: 2/104 [ogre mage/bolt of cold (60)]
  8291 | D:10     | Killed an ogre mage
  8313 | D:10     | Killed a cyan ugly thing
  8660 | D:10     | Killed a centaur warrior
  8660 | D:10     | Reached skill level 12 in Fighting
  8660 | D:10     | Reached XP level 12. HP: 95/112 MP: 11/11
  8841 | D:11     | Found a staircase to the Lair.
  9009 | D:11     | Found a bloodstained altar of Trog.
  9602 | D:12     | Noticed a five-headed hydra
  9611 | D:12     | Killed a seven-headed hydra
  9621 | D:12     | Noticed a two-headed ogre
  9630 | D:12     | Killed a two-headed ogre
  9699 | D:12     | Noticed an eight-headed hydra
  9712 | D:12     | Killed a 12-headed hydra
  9796 | D:12     | Noticed a centaur warrior
  9797 | D:12     | Noticed a two-headed ogre
  9805 | D:12     | Killed a centaur warrior
  9811 | D:12     | Killed a two-headed ogre
 10217 | D:12     | Identified the +10 short sword of Vedweoh {venom, Str+3}
 10554 | D:12     | Identified a scroll of acquirement
 10554 | D:12     | Acquired 1670 gold pieces
 10693 | D:13     | Noticed a tengu warrior
 10709 | D:13     | Killed a tengu warrior
 10709 | D:13     | Reached skill level 13 in Fighting
 10709 | D:13     | Reached XP level 13. HP: 93/122 MP: 12/12
 12781 | D:14     | Reached skill level 14 in Fighting
 12823 | D:14     | Reached XP level 14. HP: 112/132 MP: 13/13
 12910 | D:14     | Found a gate to the Vaults.
 12914 | D:14     | Reached skill level 10 in Dodging
 12922 | D:14     | HP: 5/132 [human simulacrum[a necromancer] (18)]
 12922 | D:14     | Killed from afar by a necromancer

Illustrated notes

Levels and vault maps discovered:
D:1:      dpeg_arrival_stonehenge_8_columns, layout_rooms
D:2:      layout_loops_corners, uniq_jessica
D:3:      layout_basic, lemuel_round_altar, roderic_lattice_a,
          grunt_gozag_breadcrumbs, uniq_terence
D:4:      layout_basic, kennysheep_mini, serial_park_tiny_1
D:5:      layout_basic, nicolae_ru_great_annihilating_truth,
          chequers_temple_overflow_statue_of_worship,
          gammafunk_temple_overflow_statue, minivault_26, uniq_duvessa,
          uniq_ijyb
D:6:      layout_basic, st_stairs_4, serial_bayou_pond_c, uniq_eustachio,
          uniq_grinder, uniq_edmund
D:7:      layout_basic, lemuel_mausoleum_altar_yredelemnul,
          chequers_temple_overflow_minitemple, minmay_temple_entry_proselytizer,
          uniq_menkaure, uniq_pikel
D:8:      layout_basic, basic_altar
D:9:      layout_small_grid, erik_orc_3, serial_shops,
          nicolae_shop_overgrown_old_shop, uniq_erolcha
D:10:     layout_stronghold, enter_bailey_2, serial_bayou_pond_a, minivault_28
D:11:     layout_roguey, erik_lair_island, kennysheep_big_empty_room,
          kennysheep_cluttered_room, trog_ov_bears_minmay
D:12:     minmay_blocking_statues, layout_rooms
D:13:     hangedman_screamer, layout_layer_cave
D:14:     layout_irregular_city, grunt_vaults_entry_tiered, dk_noncrumbling_4

Skill      XL: |  1  2  3  4  5  6  7  8  9 10 11 12 13 14 |
---------------+-------------------------------------------+-----
Fighting       | 4 5 6 7 9 10 12 13 14 | 14.1
Axes           | 3 4 5 7 8 9 10 11 12 13 | 13.9
Armour         | 4 5 6 7 9 10 11 12 | 12.9
Shields        | 4 5 6 7 8 10 11 12 | 12.8
Evocations     | 4 5 |  5.0
Dodging        | 4 6 8 9 10 | 10.0

Action                   |  1- 3 |  4- 6 |  7- 9 | 10-12 | 13-15 || total
-------------------------+-------+-------+-------+-------+-------++-------
Melee: War axe           |    36 |   111 |   238 |   661 |   315 ||  1361
       Headbutt          |     4 |    23 |    41 |   142 |    65 ||   275
Evoke: Wand              |       |       |       |    11 |       ||    11
  Use: Scroll            |     1 |     4 |     8 |    11 |     2 ||    26
       Potion            |       |       |       |    10 |       ||    10
 Stab: Distracted        |       |       |     1 |     3 |     2 ||     6
       Paralysed         |       |       |       |     6 |     3 ||     9
       Invisible         |       |       |       |     1 |       ||     1
       Confused          |       |       |       |       |     3 ||     3
       Petrifying        |       |       |       |       |     1 ||     1
       Petrified         |       |       |       |       |     1 ||     1
Armor: Scale mail        |    21 |       |       |       |       ||    21
       Chain mail        |       |    44 |       |    43 |       ||    87
       Plate armour      |       |    16 |   141 |   364 |   175 ||   696
Dodge: Dodged            |    15 |    20 |    38 |   244 |   100 ||   417
Block: Kite shield       |    20 |    64 |   131 |   465 |   218 ||   898

Table legend: (Time is in decaauts)
 A = Elapsed time spent in this place.
 B = Non-inter-level travel time spent in this place.
 C = Inter-level travel time spent in this place.
 D = Time resting spent in this place.
 E = Time spent auto-exploring this place.
 F = Levels seen in this place.
 G = Mean time per level.
                   A        B        C        D        E       F      G
               +--------+--------+--------+--------+--------+-----+--------+
         Total |  12974 |  12621 |    353 |    507 |   9432 |  15 |  864.9 |
       Dungeon |  12532 |  12179 |    353 |    507 |   9204 |  14 |  895.1 |
        Bailey |    441 |    441 |      0 |      0 |    228 |   1 |  441.0 |
               +--------+--------+--------+--------+--------+-----+--------+

Top non-repeatable levels by time:
     D:9: 1618 daAuts
    D:13: 1445 daAuts
    D:10: 1373 daAuts
     D:5: 1110 daAuts
     D:8: 1101 daAuts
     D:7: 1038 daAuts
    D:12: 1022 daAuts
     D:6: 923 daAuts
    D:11: 827 daAuts
    D:14: 788 daAuts
     D:4: 712 daAuts
     D:3: 454 daAuts
  Bailey: 441 daAuts
     D:2: 77 daAuts
     D:1: 39 daAuts
